 Dungeon Crawl Stone Soup version 0.26-a0-438-g4b1dca4f87 (webtiles) character file.

Game seed: 8096245889602690754

2750 KristoblXynda the Nimble (level 9, -2/48 HPs)
             Began as a Spriggan Berserker on July 25, 2020.
             Was a High Priest of Trog.
             Killed from afar by a white imp (3 damage)
             ... with a puff of frost
             ... on level 7 of the Dungeon on July 26, 2020.
             The game lasted 00:15:04 (10132 turns).

KristoblXynda the Nimble (Spriggan Berserker)      Turns: 10132, Time: 00:15:05

Health: -2/48      AC:  6    Str: 13    XL:     9   Next: 41%
Magic:  10/10      EV: 26    Int: 11    God:    Trog [*****.]
Gold:   274        SH:  0    Dex: 16    Spells: 8/8 levels left

rFire    . . .     SeeInvis +   m - +3 short sword
rCold    . . .     Faith    .   (shield restricted)
rNeg     . . .     Spirit   .   A - +2 robe {MR+}
rPois    .         Reflect  .   (helmet restricted)
rElec    .         Harm     .   r - +1 cloak
rCorr    .                      (gloves unavailable)
MR       ++...                  (boots unavailable)
Stlth    ++++......             (no amulet)
HPRegen  0.16/turn              (no ring)
MPRegen  0.12/turn              (no ring)

@: berserk cooldown, slowed, quick
A: very small, unfitting armour, see invisible, speed 3
a: Berserk, Trog's Hand, Brothers in Arms, Renounce Religion


You were on level 7 of the Dungeon.
You worshipped Trog.
Trog was extremely pleased with you.
You visited 1 branch of the dungeon, and saw 7 of its levels.
You also visited: Ossuary.

You collected 274 gold pieces.

Inventory:

Hand Weapons
 m - a +3 short sword (weapon)
Armour
 i - a +0 buckler
 r - a +1 cloak (worn)
 A - a +2 robe of magic resistance (worn)
Wands
 g - a wand of enslavement (10)
 u - a wand of polymorph (9)
 w - a wand of acid (5)
 x - a wand of flame (12)
 B - a wand of digging (3)
Scrolls
 b - a scroll of magic mapping {unknown}
 e - 3 scrolls of amnesia
 f - a scroll of remove curse
 y - a scroll of fog {unknown}
 z - 2 scrolls of enchant weapon {unknown}
Potions
 a - 3 potions of might {unknown}
 c - 3 potions of heal wounds
 d - a potion of lignification
 h - a potion of cancellation {unknown}
 j - a potion of mutation {unknown}
 k - 9 potions of curing
 l - a potion of haste {unknown}
 n - 3 potions of flight {unknown}
 o - a potion of stabbing {unknown}
 p - 3 potions of brilliance
 q - a potion of magic {unknown}
 s - 2 potions of invisibility {unknown}
 t - 2 potions of berserk rage {unknown}
 v - 2 potions of degeneration {unknown}


   Skills:
 + Level 5.9 Fighting
 + Level 7.8 Short Blades
 + Level 10.2 Dodging
 + Level 9.9 Stealth


You had 8 spell levels left.
You didn't know any spells.
Your spell library contained the following spells:

 Spells                   Type           Power        Failure   Level
 Corona                   Hex            #......      34%         1
 Sandblast                Erth           #.....       34%         1
 Ensorcelled Hibernation  Hex/Ice        #.....       47%         2
 Passwall                 Tmut/Erth      #.......     47%         2
 Confusing Touch          Hex            #.......     71%         3
 Dazzling Flash           Conj/Hex       #.....       71%         3
 Stone Arrow              Conj/Erth      #.....       71%         3
 Tukima's Dance           Hex            #.......     71%         3
 Petrify                  Tmut/Erth      #.......     98%         4
 Lee's Rapid Deconstruct  Erth           #.........   100%        5


Dungeon Overview and Level Annotations

Branches:
Dungeon (7/15)             Temple (0/1) D:6         Ossuary (visited)

Altars:
Ashenzari
Dithmenos
Fedhas
Hepliaklqana
Kikubaaqudgha
Okawaru
Qazlal
Ru
Trog
Uskayaw
Wu Jian
Yredelemnul
Zin

Annotations:
D:7 2 runed translucent doors


Innate Abilities, Weirdness & Mutations

You are very small and have problems with some larger weapons.
You are too small for most types of armour.
You have supernaturally acute eyesight. (SInv)
You cover ground extremely quickly.


Message History

The puff of frost misses you.
You barely miss the white imp.
The white imp is heavily wounded.
The white imp misses you.
You hit the white imp.
The white imp is severely wounded.
The white imp completely misses you.
You hit the white imp but do no damage.
The white imp is severely wounded.
The white imp gestures at you. The puff of frost hits you.
* * * LOW HITPOINT WARNING * * *
You barely miss the white imp.
The white imp is severely wounded.
The white imp gestures at you. The puff of frost hits you.
* * * LOW HITPOINT WARNING * * *
The white imp gestures at you. The puff of frost hits you.
You die...

..........## #.# ##..## ##.##
###......## #.# ##..# #..#
######## #.# #.)## ##.# #### #.#
###.## #.# ###..## ##.######
##.###.# ##.....###.......#
#.....# # #...#......###.#.#
##....# ##
######...####.##.######.....#
.#######...### #@###....#....#..#
...##....#######5###.......#####(
......#### ##...Z###.####### #.
....### ...+....###.# ## ..###
####....###.# ########. ###
#####+###.# ##......." #
#####.###.###..#####.. ##.
#.##..## ##) #.#..## ##


You could see a white imp and a leopard gecko skeleton.

Vanquished Creatures
  Pikel (D:7)
  A hippogriff (D:7)
  An ice beast (D:7)
  A sky beast (D:6)
  A black bear (D:4)
  An ogre (D:6)
  A phantom (D:6)
  2 centaurs
  A scorpion (D:5)
  5 killer bees (D:7)
  5 wights (D:3)
  A howler monkey (D:7)
  A centaur zombie (D:7)
  2 hounds
  Crazy Yiuf (D:4)
  2 orc priests
  A jelly (D:6)
  Ijyb (D:5)
  2 iguanas
  7 orc wizards
  3 worker ants (D:5)
  5 big kobold zombies (Ossuary)
  3 hound skeletons (D:5)
  A mummy (Ossuary)
  A howler monkey zombie (D:7)
  A worker ant zombie (D:5)
  3 gnolls (D:2)
  9 adders
  A white imp (D:7)
  2 oozes
  A worm (D:2)
  9 leopard geckos
  19 orcs
  4 spectral bats (Ossuary)
  7 giant cockroaches
  7 goblins
  10 hobgoblins
  12 jackals
  4 quokkas
  5 bats
  3 bat simulacra (Ossuary)
  8 frilled lizards
  7 gnoll zombies (Ossuary)
  A goblin simulacrum (Ossuary)
  3 goblin zombies (Ossuary)
  8 hobgoblin zombies (Ossuary)
  8 kobolds
  3 kobold simulacra (Ossuary)
  5 kobold zombies (Ossuary)
  2 orc zombies (Ossuary)
  9 rats
  6 rat simulacra (Ossuary)
  5 spectral goblins (Ossuary)
  5 spectral kobolds (Ossuary)
  A spectral orc (D:6)
  2 spectral rats (Ossuary)
221 creatures vanquished.

Notes
Turn   | Place    | Note
-------+----------+-------------------------------------------
     0 | D:1      | KristoblXynda the Spriggan Berserker began the quest for
                  | the Orb.
     0 | D:1      | Reached XP level 1. HP: 11/11 MP: 2/2
   372 | D:1      | Reached skill level 1 in Stealth
   377 | D:1      | Reached XP level 2. HP: 12/16 MP: 3/3
  1407 | D:1      | Reached ** piety under Trog
  1456 | D:1      | Reached XP level 3. HP: 19/19 MP: 4/4
  1683 | D:2      | Reached skill level 5 in Dodging
  1750 | D:2      | Found a bloodstained altar of Trog.
  2466 | D:2      | Found an iron altar of Okawaru.
  2486 | D:2      | Reached XP level 4. HP: 23/23 MP: 5/5
  2686 | D:2      | Found a hazy altar of Hepliaklqana.
  2687 | D:2      | Found a shadowy altar of Dithmenos.
  2687 | D:2      | Noticed a shadow
  3085 | D:2      | HP: 1/23 [gnoll/+0 spear (6)]
  3680 | D:3      | Reached XP level 5. HP: 15/28 MP: 3/6
  3699 | D:3      | HP: 1/28 [orc/+0 trident (7)]
  4274 | D:3      | Reached skill level 6 in Dodging
  4279 | D:3      | Reached XP level 6. HP: 24/32 MP: 3/7
  4595 | D:3      | Reached skill level 5 in Stealth
  4682 | D:3      | Reached *** piety under Trog
  4922 | D:3      | Found a blossoming altar of Fedhas.
  4922 | D:3      | Found an ancient bone altar of Kikubaaqudgha.
  5338 | D:4      | Reached skill level 5 in Short Blades
  5441 | D:4      | Found a hide-covered altar of Uskayaw.
  5441 | D:4      | Found a stormy altar of Qazlal.
  5445 | D:4      | Found a sacrificial altar of Ru.
  5445 | D:4      | Found a shattered altar of Ashenzari.
  5839 | D:4      | Found a runed translucent door.
  5840 | D:4      | Noticed Crazy Yiuf
  6056 | D:4      | Reached skill level 7 in Dodging
  6056 | D:4      | Reached XP level 7. HP: 29/37 MP: 5/8
  6288 | D:4      | Killed Crazy Yiuf
  6328 | D:5      | Entered Level 5 of the Dungeon
  6819 | D:5      | Noticed Ijyb
  6822 | D:5      | Killed Ijyb
  7174 | D:5      | Reached XP level 8. HP: 42/42 MP: 9/9
  7219 | D:6      | Found a staircase to the Ecumenical Temple.
  7236 | D:6      | Reached skill level 8 in Dodging
  7411 | D:6      | Found a basalt altar of Yredelemnul.
  7481 | D:6      | Reached **** piety under Trog
  8180 | D:7      | Found a runed translucent door.
  8180 | D:7      | Found a runed translucent door.
  8180 | D:7      | Noticed a hippogriff
  8245 | D:7      | Found a sand-covered staircase.
  8254 | Ossuary  | Entered an ossuary
  8264 | Ossuary  | Reached skill level 5 in Fighting
  8743 | Ossuary  | Reached ***** piety under Trog
  8888 | D:7      | Noticed Pikel
  8908 | D:7      | Killed Pikel
  8908 | D:7      | Reached skill level 9 in Dodging
  8908 | D:7      | Reached XP level 9. HP: 47/47 MP: 10/10
  9489 | D:7      | Found a runed translucent door.
  9667 | D:7      | Found an ornate altar of the Wu Jian Council.
  9807 | D:7      | Found a glowing silver altar of Zin.
 10085 | D:7      | Reached skill level 10 in Dodging
 10132 | D:7      | HP: 1/48 [white imp/puff of frost (4)]
 10132 | D:7      | Killed from afar by a white imp

Illustrated notes

Levels and vault maps discovered:
D:1:      grunt_arrival_crossed_arrows, layout_loops_corners,
          lemuel_flame_loot_1
D:2:      layout_basic, riverfiend_overflow_shadow_ancestor, okawaru_gym_becter,
          serial_bayou_ford_a, bloody_trog
D:3:      layout_basic, grunt_temple_overflow_growth_and_decay,
          hangedman_glass_teeth, kennysheep_generic_room_15
D:4:      black_bear_nest_1, layout_basic, grunt_temple_overflow_open,
          abandoned_shop, uniq_crazy_yiuf_cottage
D:5:      layout_loops_cross, uniq_ijyb
D:6:      layout_basic, yredelemnul_forgotten_temple_becter,
          minmay_temple_entry_tees, minmay_misc_feat_hallway
D:7:      minmay_the_grid_triangle_9x9_rhombus_full
          [minmay_the_grid_triangle_9x9_intruding_spiral,
          minmay_the_grid_triangle_9x9_corruption,
          minmay_the_grid_triangle_9x9_fully_insulated_deathbox,
          minmay_the_grid_triangle_9x9_impossible_snake,
          minmay_the_grid_triangle_9x9_from_above,
          minmay_the_grid_triangle_9x9_odd_lines,
          minmay_the_grid_triangle_9x9_wacky_v,
          minmay_the_grid_triangle_9x9_prize_top_heavy], layout_layer_cave,
          kennysheep_mini_moat, zin_treasury, enter_ossuary_1, uniq_pikel

Skill      XL: |  1  2  3  4  5  6  7  8  9 |
---------------+----------------------------+-----
Stealth        | 1 2 3 4 5 7 9 |  9.9
Dodging        | 5 6 7 9 10 | 10.2
Short Blades   | 4 5 6 7 |  7.8
Fighting       | 3 4 5 |  5.9

Action                   |  1- 3 |  4- 6 |  7- 9 || total
-------------------------+-------+-------+-------++-------
Melee: Short sword       |   192 |   236 |   531 ||   959
Invok: Berserk           |       |     5 |     3 ||     8
  Use: Scroll            |       |     4 |     8 ||    12
 Stab: Sleeping          |     5 |     7 |    22 ||    34
Armor: Animal skin       |    13 |     7 |    13 ||    33
       Robe              |       |       |     9 ||     9
Dodge: Dodged            |   163 |   184 |   406 ||   753

Table legend: (Time is in decaauts)
 A = Elapsed time spent in this place.
 B = Non-inter-level travel time spent in this place.
 C = Inter-level travel time spent in this place.
 D = Time resting spent in this place.
 E = Time spent auto-exploring this place.
 F = Levels seen in this place.
 G = Mean time per level.
                   A        B        C        D        E       F      G
               +--------+--------+--------+--------+--------+-----+--------+
         Total |   7814 |   7699 |    115 |   2614 |   3380 |   8 |  976.8 |
       Dungeon |   7340 |   7225 |    115 |   2463 |   3380 |   7 | 1048.6 |
       Ossuary |    474 |    474 |      0 |    151 |      0 |   1 |  474.0 |
               +--------+--------+--------+--------+--------+-----+--------+

Top non-repeatable levels by time:
     D:1: 1567 daAuts
     D:2: 1301 daAuts
     D:3: 1240 daAuts
     D:7: 1095 daAuts
     D:4: 853 daAuts
     D:5: 678 daAuts
     D:6: 604 daAuts
 Ossuary: 474 daAuts
